 Dungeon Crawl Stone Soup version 0.28.0 (webtiles) character file.

Game seed: 9111387093090119059

92942 browni3141 the Severer (level 15, -26/155 HPs)
             Began as a Minotaur Berserker on Feb 16, 2022.
             Was a High Priest of Trog.
             Blown up by an orb spider (41 damage)
             ... with an orb of destruction
             ... on level 2 of the Spider Nest.
             The game lasted 00:17:43 (23149 turns).

browni3141 the Severer (Minotaur Berserker)        Turns: 23149, Time: 00:17:44

Health: -26/155    AC: 30    Str: 28    XL:     15   Next: 59%
Magic:  14/14      EV: 15    Int:  2    God:    Trog [*****.]
Gold:   1006       SH: 12    Dex: 17    Spells: 14/14 levels left

rFire   . . .      SeeInvis .   Y - +4 broad axe (vorpal)
rCold   . . .      Faith    .   S - +0 kite shield
rNeg    . . .      Spirit   .   G - +18 Lear's hauberk
rPois   +          Reflect  +   (helmet currently unavailable)
rElec   +          Harm     .   g - +0 cloak of the Prince of Darkness {rElec rPois}
rCorr   .          Rampage  .   (gloves currently unavailable)
Will    +....                   (boots currently unavailable)
Stlth   ..........              J - amulet of reflection
HPRegen 0.35/turn               L - +6 ring of dexterity
MPRegen 0.14/turn               C - ring of Zegg {Fly rPois}

@: flying
A: horns 2, retaliatory headbutt, dopey 1, passive freeze, evolution 1
a: Renounce Religion, Berserk, Trog's Hand, Brothers in Arms


You were on level 2 of the Spider Nest.
You worshipped Trog.
Trog was extremely pleased with you.
You visited 3 branches of the dungeon, and saw 23 of its levels.
You also visited: Ossuary and Ice Cave.

You collected 1554 gold pieces.
You spent 548 gold pieces at shops.

Inventory:

Hand Weapons
 j - a +7 broad axe
 Y - a +4 vorpal broad axe (weapon)
Armour
 g - the +0 cloak of the Prince of Darkness (worn) {rElec rPois}
   (You bought it in a shop on level 13 of the Dungeon)

   rElec:     It insulates you from electricity.
   rPois:     It protects you from poison.
 s - the +0 pair of gloves of Claustrophobia {-Cast rN+++ Dex+2}
   (You found it on level 12 of the Dungeon)

   Dex:       It affects your dexterity (+2).
   rN:        It renders you almost immune to negative energy.
   -Cast:     It prevents spellcasting.
 G - the +18 Lear's hauberk (worn)
   (You found it on level 7 of the Dungeon)
 S - a +0 kite shield (worn)
Jewellery
 d - a +4 ring of protection
 m - a ring of ice
 q - a ring of fire
 x - an amulet of guardian spirit
 C - the ring of Zegg (right hand) {Fly rPois}
   (You found it in an ossuary)

   [ring of flight]

   rPois:     It protects you from poison.
   Fly:       It grants you flight.
 J - an amulet of reflection (around neck)
 L - a +6 ring of dexterity (left hand)
 Q - a ring of flight
 T - a ring of fire
Wands
 a - a wand of acid (11)
 h - a wand of polymorph (25)
 w - a wand of paralysis (18)
 E - a wand of charming (7)
 P - a wand of flame (29)
 U - a wand of iceblast (13)
 Z - a wand of digging (2)
Scrolls
 b - a scroll of enchant weapon
 c - a scroll of torment
 k - 4 scrolls of vulnerability
 o - 5 scrolls of enchant armour
 p - 10 scrolls of teleportation
 y - 6 scrolls of noise
 A - 3 scrolls of holy word
 B - 4 scrolls of fog
 H - 4 scrolls of fear
 K - 2 scrolls of magic mapping
 R - 3 scrolls of blinking
 W - a scroll of immolation
 X - 5 scrolls of amnesia
Potions
 e - a potion of ambrosia
 f - 13 potions of curing
 i - 2 potions of attraction
 l - 4 potions of haste
 n - 3 potions of lignification
 r - a potion of brilliance
 t - 5 potions of flight
 u - 5 potions of mutation
 v - 6 potions of heal wounds
 z - 3 potions of might
 D - 2 potions of berserk rage {unknown}
 F - 3 potions of resistance {unknown}
 I - 2 potions of magic {unknown}
 M - 2 potions of degeneration {unknown}
 N - 3 potions of invisibility
 O - a potion of experience {unknown}
 V - 5 potions of cancellation


   Skills:
 + Level 19.9 Fighting
 + Level 20.0 Axes
 - Level 9.4 Armour
 - Level 15.0 Dodging


You had 14 spell levels left.
You didn't know any spells.
Your spell library was empty.

Dungeon Overview and Level Annotations

Branches:
Dungeon (15/15)            Temple (0/1) D:6            Lair (6/6) D:10
 Shoals (0/4) Lair:3       Spider (2/4) Lair:4        Slime (0/5) Lair:6
    Orc (0/2) D:10         Vaults (0/5) D:13         Depths (0/4) D:15
Ossuary (visited)           IceCv (visited)

Altars:
Cheibriados
Dithmenos
Hepliaklqana
Nemelex Xobeh
Okawaru
Ru
Trog
Uskayaw
Vehumet
Wu Jian
Xom
Yredelemnul
The Shining One

Shops:
D:6 [   D:7 *   D:13 [

Annotations:
Spider:1 Roxanne


Innate Abilities, Weirdness & Mutations

You have a pair of horns on your head.
You reflexively headbutt those who attack you in melee.
You are dopey. (Int -2)
A frigid envelope surrounds you and freezes all who hurt you.
You have hidden genetic potential.


Message History

Trog accepts your kill.
The orb spider hisses angrily. x2
The orb spider pulsates with a strange energy.
The orb spider begins to weave its threads into a brightly glowing ball.
You block the jumping spider's attack. The jumping spider barely misses you.
You hit the jumping spider but do no damage.
You headbutt the jumping spider!
The jumping spider is severely wounded.
The jumping spider leaps!
The jumping spider barely misses you. You furiously retaliate!
You headbutt the jumping spider.
The jumping spider bites you but does no damage.
The jumping spider is very cold.
You kill the jumping spider!
Trog accepts your kill.
The orb spider hisses angrily.
The orb spider weaves a glowing orb of energy.
An orb of destruction comes into view.
The orb spider weaves a glowing orb of energy.
An orb of destruction comes into view.
The orb of destruction hits a rock wall.
The orb spider weaves a glowing orb of energy.
The orb of destruction moves out of view.
An orb of destruction comes into view.
The orb spider hisses angrily.
The orb spider pulsates with a strange energy.
The orb spider weaves a glowing orb of energy.
An orb of destruction comes into view.
The orb of destruction hits you!!!
* * * LOW HITPOINT WARNING * * *
The orb spider pulsates with a strange energy.
The orb spider weaves a glowing orb of energy.
The orb spider begins to weave its threads into a brightly glowing ball.
An orb of destruction comes into view.
The orb spider spins a strand of pure energy.
The orb spider begins to weave its threads into a brightly glowing ball.
The orb spider weaves a glowing orb of energy.
The wavering orb of destruction weakly hits the orb spider!
The orb of destruction hits you!!!
You die...

##)....≈≈≈≈.s...≈≈≈≈.... ##
##.#)..≈≈.≈°s.##.≈≈.....###.
#.##.≈..#.≈○≈s...≈≈.#.....#.
#.###....#≈°≈≈s.≈≈≈≈^≈.....##
## #......☼≈○≈≈≈≈≈#.........
##.....○☼≈≈..............
##....*○........≈.†.#...
###.^.○...##.....<.#...
###≈@.......###..#...
####....^##....#..#
#######...#..# #####.## ###


You could see 3 orb spiders.

Vanquished Creatures
  Rupert (Lair:4)
  Jorgrun (D:15)
  A tentacled monstrosity (D:13)
  Agnes (D:15)
  A cacodemon (D:13)
  A stone giant (D:15)
  A spark wasp (Spider:1)
  Josephine (D:15)
  A vault guard (D:13)
  9 hydras
  The ghost of Iplucs the Ripper, a journeyman FeBe of Trog (D:13)
  6 centaur warriors
  3 boulder beetles
  3 catoblepae
  5 dancing weapons (D:14)
  4 two-headed ogres
  3 tengu warriors
  A glowing orange brain (D:13)
  2 pharaoh ants (Spider:2)
  3 skeletal warriors (D:14)
  A glowing orange brain (shapeshifter) (D:13)
  2 orb spiders (Spider:2)
  The ghost of croobank the Firebug, a novice DrFE of Hepliaklqana (D:8)
  20 ugly things
  4 deep elf pyromancers
  7 wolf spiders
  4 manticores
  2 cyclopes
  An ice statue (IceCv)
  3 elephants (Lair:3)
  4 black mambas
  A black mamba (shapeshifter) (D:13)
  A moth of wrath (Spider:2)
  A gargoyle (D:8)
  8 cane toads
  An efreet (D:15)
  7 komodo dragons
  A kobold demonologist (D:8)
  A demonic crawler (Spider:2)
  An unseen horror (D:11)
  3 rime drakes
  A rime drake (shapeshifter) (D:13)
  3 tengu conjurers
  9 meliai
  2 trolls
  2 polar bears
  2 hornets
  9 tarantellas (Spider:1)
  5 blink frogs (Lair:3)
  Grinder (D:3)
  7 slime creatures
  A hornet (shapeshifter) (D:13)
  5 jumping spiders
  A spriggan (shapeshifter) (D:13)
  2 shadows
  A dire elephant simulacrum (IceCv)
  2 culicivoras (Spider:1)
  Sigmund (D:3)
  7 wraiths
  A wyvern (shapeshifter) (D:13)
  5 wyverns
  41 yaks
  Grum (D:9)
  2 basilisks
  9 redbacks
  11 vampire mosquitoes
  A death yak simulacrum (IceCv)
  2 neqoxecs (D:13)
  4 steam dragons
  4 acid dragons
  15 water moccasins
  An ice beast (shapeshifter) (D:13)
  3 black bears
  2 orc warriors
  4 ice beasts
  6 necrophages
  4 ogres
  2 sky beasts (D:7)
  10 wolves
  15 centaurs
  2 wyvern zombies (Ossuary)
  15 bullfrogs
  A gnoll sergeant (D:8)
  6 scorpions
  2 water moccasin zombies (Ossuary)
  2 cane toad simulacra (IceCv)
  7 wights
  3 electric eels
  7 howler monkeys
  7 centaur zombies
  4 bullfrog zombies
  6 hounds
  2 bullfrog skeletons
  4 jellies
  Crazy Yiuf (D:2)
  Ijyb (D:3)
  5 orc priests
  13 mummies (Ossuary)
  A centaur skeleton (D:4)
  An iguana (D:6)
  Terence (D:3)
  6 orc wizards
  A wolf simulacrum (IceCv)
  6 killer bee zombies
  3 howler monkey zombies
  Robin (D:4)
  8 gnolls
  A howler monkey skeleton (D:6)
  5 adders
  2 shadow imps
  2 ufetubi
  A worm (D:2)
  2 dart slugs
  36 orcs
  8 endoplasms
  2 giant cockroaches (D:1)
  28 goblins
  7 hobgoblins
  6 jackals (D:3)
  3 quokkas
  6 ball pythons
  3 bats
  A frilled lizard (D:3)
  3 kobolds
  3 rats
562 creatures vanquished.

Vanquished Creatures (collateral kills)
  2 boulder beetles (D:8)
  An ugly thing (IceCv)
  An elephant simulacrum (IceCv)
4 creatures vanquished.

Vanquished Creatures (others)
  A moth of wrath (Spider:2)
  2 culicivoras (Spider:2)
  A sky beast (D:7)
  A bullfrog (D:7)
  3 bushes (Lair:6)
  24 fungi
  42 plants
  6 withered plants (Ossuary)
80 creatures vanquished.

Grand Total: 646 creatures vanquished

Notes
Turn   | Place    | Note
-------+----------+-------------------------------------------
     0 | D:1      | browni3141 the Minotaur Berserker began the quest for the
                  | Orb.
     0 | D:1      | Reached XP level 1. HP: 19/19 MP: 0/0
   158 | D:1      | You fall into a shaft and drop 1 floor!
   180 | D:2      | Reached XP level 2. HP: 18/27 MP: 1/1
   523 | D:1      | Reached skill level 4 in Axes
  1203 | D:2      | Reached XP level 3. HP: 11/33 MP: 2/2
  1699 | D:2      | Found a runed translucent door.
  1700 | D:2      | Noticed Crazy Yiuf
  2099 | D:2      | Killed Crazy Yiuf
  2100 | D:2      | Reached XP level 4. HP: 37/41 MP: 3/3
  2388 | D:3      | Found a sacrificial altar of Ru.
  2388 | D:3      | Found a basalt altar of Yredelemnul.
  2390 | D:3      | Noticed Ijyb
  2392 | D:3      | Found a sparkling altar of Nemelex Xobeh.
  2392 | D:3      | Found a glowing golden altar of the Shining One.
  2403 | D:3      | Killed Ijyb
  2660 | D:3      | Noticed Terence
  2672 | D:3      | Killed Terence
  2673 | D:3      | Reached skill level 5 in Fighting
  2673 | D:3      | Reached skill level 5 in Axes
  2673 | D:3      | Reached XP level 5. HP: 45/48 MP: 4/4
  2791 | D:3      | Noticed Sigmund
  2796 | D:3      | Killed Sigmund
  2796 | D:3      | Reached ** piety under Trog
  2797 | D:3      | Reached XP level 6. HP: 47/56 MP: 5/5
  2883 | D:3      | Reached skill level 5 in Armour
  2934 | D:3      | Found a hazy altar of Hepliaklqana.
  3235 | D:3      | Noticed Grinder
  3247 | D:3      | Killed Grinder
  3248 | D:3      | Reached skill level 6 in Axes
  3248 | D:3      | Reached XP level 7. HP: 59/63 MP: 6/6
  3663 | D:4      | Noticed Robin
  3680 | D:4      | Killed Robin
  4103 | D:4      | Found a bloodstained altar of Trog.
  4106 | D:4      | Found a shimmering altar of Xom.
  4120 | D:4      | Found a snail-covered altar of Cheibriados.
  4123 | D:4      | Found an iron altar of Okawaru.
  4427 | D:4      | Reached *** piety under Trog
  4433 | D:4      | Reached skill level 7 in Axes
  4618 | D:5      | Entered Level 5 of the Dungeon
  4804 | D:5      | Reached XP level 8. HP: 69/73 MP: 7/7
  5256 | D:5      | Reached skill level 8 in Axes
  5852 | D:6      | Found a sand-covered staircase.
  5883 | Ossuary  | Entered an ossuary
  5979 | Ossuary  | Reached **** piety under Trog
  5982 | Ossuary  | Reached XP level 9. HP: 43/82 MP: 8/8
  5993 | Ossuary  | Reached skill level 9 in Axes
  6377 | Ossuary  | Identified the ring of Zegg {Fly rPois}
  6607 | D:6      | Identified the +7 mace of Summer {vorpal, Drain rCorr
                  | Dex+5}
  6638 | D:6      | Found a staircase to the Ecumenical Temple.
  6788 | D:6      | Found Riullao's Armour Emporium.
  6898 | D:6      | Found a radiant altar of Vehumet.
  7005 | D:7      | Reached ***** piety under Trog
  7006 | D:7      | Reached skill level 10 in Fighting
  7006 | D:7      | Reached skill level 10 in Axes
  7201 | D:7      | Found Wayboim's General Store.
  7205 | D:7      | Found the +18 Lear's hauberk
  7897 | D:8      | Reached skill level 5 in Dodging
  7897 | D:8      | Reached XP level 10. HP: 94/94 MP: 9/9
  7959 | D:8      | Noticed a boulder beetle
  7960 | D:8      | Noticed a boulder beetle
  7962 | D:8      | Noticed a cyclops
  7989 | D:8      | Killed a cyclops
  7990 | D:8      | Killed a boulder beetle
  7991 | D:8      | Reached skill level 11 in Axes
  7999 | D:8      | Killed a boulder beetle
  8138 | D:8      | Noticed a gargoyle
  8150 | D:8      | Killed a gargoyle
  8210 | D:8      | Found a transporter.
  8210 | D:8      | Found a transporter.
  8224 | D:8      | Noticed croobank's ghost (novice DrFE)
  8228 | D:8      | Noticed a boulder beetle
  8552 | D:8      | Killed croobank's ghost
  8553 | D:8      | Reached XP level 11. HP: 104/104 MP: 10/10
  8571 | D:8      | Killed a boulder beetle
  8656 | D:9      | Reached skill level 12 in Axes
  8713 | D:9      | Noticed a deep elf pyromancer
  8722 | D:9      | Killed a deep elf pyromancer
  8805 | D:9      | Reached skill level 10 in Dodging
  8812 | D:9      | Noticed a two-headed ogre
  8820 | D:9      | Killed a two-headed ogre
  9115 | D:9      | Noticed Grum
  9133 | D:9      | Killed Grum
  9268 | D:6      | Bought a +2 buckler for 231 gold pieces
  9548 | D:10     | Entered Level 10 of the Dungeon
  9548 | D:10     | Found a staircase to the Orcish Mines.
  9744 | D:10     | Noticed a centaur warrior
  9759 | D:10     | Killed a centaur warrior
  9769 | D:10     | Found a staircase to the Lair.
  9864 | D:10     | Reached skill level 13 in Axes
 10082 | D:10     | Noticed a two-headed ogre
 10089 | D:10     | Killed a two-headed ogre
 10090 | D:10     | Reached XP level 12. HP: 115/115 MP: 11/11
 10390 | D:11     | Received a gift from Trog
 10564 | D:11     | Found a frozen archway.
 10577 | IceCv    | Entered an ice cave
 11879 | Lair:1   | Entered Level 1 of the Lair of Beasts
 12070 | Lair:1   | Found an ornate altar of the Wu Jian Council.
 12071 | Lair:1   | Noticed a boulder beetle
 12072 | Lair:1   | Found a hide-covered altar of Uskayaw.
 12089 | Lair:1   | Killed a boulder beetle
 12090 | Lair:1   | Reached skill level 14 in Axes
 12332 | Lair:1   | Noticed a seven-headed hydra
 12339 | Lair:1   | Killed a ten-headed hydra
 12515 | Lair:1   | You are sucked into a shaft and drop 1 floor!
 13054 | Lair:2   | Reached XP level 13. HP: 125/125 MP: 12/12
 13778 | Lair:3   | Reached skill level 15 in Axes
 13778 | Lair:3   | Reached skill level 15 in Dodging
 13827 | Lair:3   | Found a staircase to the Shoals.
 14127 | Lair:4   | Reached skill level 15 in Fighting
 14443 | Lair:4   | Found a hole to the Spider Nest.
 14548 | Lair:4   | Noticed Rupert
 14563 | Lair:4   | Killed Rupert
 16040 | Lair:6   | Entered Level 6 of the Lair of Beasts
 16061 | Lair:6   | Found a staircase to the Slime Pits.
 16659 | Lair:5   | Reached skill level 16 in Axes
 17543 | D:12     | Identified the +0 pair of gloves of Claustrophobia {-Cast
                  | rN+++ Dex+2}
 17726 | D:13     | Reached XP level 14. HP: 138/138 MP: 13/13
 17872 | D:13     | Found a shadowy altar of Dithmenos.
 17924 | D:13     | Found a runed translucent gate.
 17926 | D:13     | Found a runed translucent gate.
 17927 | D:13     | Found a runed translucent gate.
 18304 | D:13     | Noticed a quicksilver ooze
 18304 | D:13     | a slime creature changed into a quicksilver ooze
 18309 | D:13     | a quicksilver ooze changed into a catoblepas
 18475 | D:13     | Found a gate to the Vaults.
 18539 | D:13     | Found Kowaset's Armour Shoppe.
 18547 | D:13     | Bought the +0 cloak of the Prince of Darkness {rElec rPois}
                  | for 317 gold pieces
 18916 | D:13     | Reached skill level 17 in Axes
 18924 | D:13     | Found a runed translucent gate.
 18924 | D:13     | Found a runed translucent gate.
 18924 | D:13     | Noticed a cacodemon
 18925 | D:13     | Noticed a tentacled monstrosity
 18926 | D:13     | Found a runed translucent gate.
 18926 | D:13     | Noticed Iplucs's ghost (journeyman FeBe)
 18996 | D:13     | Killed a tentacled monstrosity
 18997 | D:13     | Killed Iplucs's ghost
 18998 | D:13     | Killed a cacodemon
 19027 | D:13     | Gained mutation: You are weak. (Str -2) [mutagenic glow]
 19108 | D:13     | Lost mutation: You are weak. (Str -2) [potion of mutation]
 19108 | D:13     | Gained mutation: You have hidden genetic potential. [potion
                  | of mutation]
 19108 | D:13     | Gained mutation: You are dopey. (Int -2) [potion of
                  | mutation]
 19586 | D:14     | Reached skill level 18 in Axes
 20052 | D:14     | Received a gift from Trog
 20210 | D:14     | Found a sacrificial altar of Ru.
 20471 | D:14     | Found a large runed translucent door.
 20471 | D:14     | Found a large runed translucent door.
 20782 | D:15     | Entered Level 15 of the Dungeon
 20853 | D:15     | Reached XP level 15. HP: 138/150 MP: 14/14
 21011 | D:15     | Noticed Josephine
 21021 | D:15     | Killed Josephine
 21358 | D:15     | Noticed Jorgrun
 21382 | D:15     | Killed Jorgrun
 21383 | D:15     | Reached skill level 19 in Axes
 21713 | D:15     | Noticed Agnes
 21720 | D:15     | Killed Agnes
 21826 | D:15     | Found a staircase to the Depths.
 22228 | Spider:1 | Entered Level 1 of the Spider Nest
 22228 | Spider:1 | Identified Roxanne's Collected Works on Stones
 22228 | Spider:1 | Noticed Roxanne
 22401 | Spider:1 | Gained mutation: A frigid envelope surrounds you and
                  | freezes all who hurt you. [hidden potential]
 23130 | Spider:2 | Received a gift from Trog
 23131 | Spider:2 | Reached skill level 20 in Axes
 23149 | Spider:2 | Blown up by an orb spider

Illustrated notes

Levels and vault maps discovered:
D:1:      kilobyte_arrival_exit_the_forest, layout_rooms
D:2:      layout_basic, uniq_crazy_yiuf_cottage
D:3:      layout_basic, grunt_temple_overflow_open,
          worldfamousw_hep_ancestral_shrine, uniq_ijyb, uniq_grinder,
          uniq_terence, uniq_sigmund
D:4:      layout_loops_ring, grunt_temple_overflow_cloverleaf, st_stairs_2,
          serial_bayou_pond_d, kennysheep_crisscross, uniq_robin
D:5:      layout_layer_cave, minmay_door_square
D:6:      layout_rooms, kennysheep_little_box, temple_fountains, serial_shops,
          nicolae_shop_window_shopping, enter_ossuary_1, serial_park_tiny_1,
          minmay_ogre_servants
D:7:      layout_loops_cross, serial_shops, shop, hangedman_decor_push,
          hangedman_misty_isle
D:8:      minmay_curly_fans, layout_rooms, nzn_ghost_randoct
D:9:      layout_rooms, serial_undead, serial_undead_d, serial_undead_b,
          serial_undead_f, serial_undead_b, uniq_grum
D:10:     layout_irregular_city, due_lair_maze_entry_diamond, orc_0_dummy
D:11:     layout_roguey, portal_ice_cave_rime, lightli_corner_chamber
D:12:     layout_roguey
D:13:     layout_stronghold, david_vaults_5, serial_shops, nicolae_shop_stone,
          ploomutoo_gammafunk_ghost_potion_laboratory,
          grunt_dithmenos_smoke_and_mirrors
D:14:     doesnt_quadruple_sword, layout_basic, nicolae_ru_awakened_eye
D:15:     grunt_enter_depths_snipers, layout_long_grid, nrook_campfire,
          serial_bayou_crossing, uniq_josephine, uniq_agnes, uniq_jorgrun
Lair:1:   layout_misc_corridors, nzn_masters_of_martial_movement,
          serial_bayou_shore_a
Lair:2:   layout_big_grid, roderic_carrion_pond, grunt_megastairs_4
Lair:3:   layout_roguey, shoals_dummy_entry
Lair:4:   layout_cave_pods, spider_nest_entry_webs, uniq_rupert
Lair:5:   layout_long_grid, lookout_lair_type, kennysheep_catoblepas_arena
Lair:6:   minmay_lair_end_enchanted_forest, layout_regular_city,
          nicolae_slime_entry_slimehenge, serial_bayou_pond_b,
          serial_bayou_ford_a, infiniplex_staircase_pool_2
Spider:1: layout_spider_delve, uniq_roxanne, uniq_kirke
Spider:2: layout_spider_delve, nicolae_orb_island

Skill      XL: |  1  2  3  4  5  6  7  8  9 10 11 12 13 14 15 |
---------------+----------------------------------------------+-----
Fighting       | 4 5 6 7 8 10 11 13 14 16 18 19 | 19.9
Axes           | 4 5 6 7 8 10 11 13 14 16 18 20 | 20.0
Armour         | 3 4 5 6 8 9 |  9.4
Dodging        | 5 8 11 14 15 | 15.0

Action                   |  1- 3 |  4- 6 |  7- 9 | 10-12 | 13-15 || total
-------------------------+-------+-------+-------+-------+-------++-------
Melee: Hand axe          |    74 |    52 |   354 |   487 |       ||   967
       Headbutt          |     7 |     6 |    60 |   143 |   159 ||   375
       Punch             |     1 |       |     4 |     1 |       ||     6
       Unarmed           |       |    14 |       |       |       ||    14
       Broad axe         |       |       |       |    58 |   592 ||   650
Invok: Berserk           |     1 |     2 |     7 |    14 |    21 ||    45
       Trog's Hand       |       |     1 |       |     2 |     4 ||     7
       Brothers in Arms  |       |       |       |     2 |     1 ||     3
Evoke: Wand              |       |       |       |       |     4 ||     4
  Use: Scroll            |       |       |       |       |    29 ||    29
       Potion            |       |       |       |       |     4 ||     4
Armor: Animal skin       |    16 |     5 |       |       |       ||    21
       Scale mail        |       |     4 |    27 |       |       ||    31
       Chain mail        |       |       |   155 |   230 |   377 ||   762
Dodge: Dodged            |    46 |    62 |   157 |   257 |   337 ||   859
Block: Other             |       |       |       |    53 |       ||    53
       Reflection        |       |       |       |     8 |    17 ||    25
       Buckler           |       |       |       |   155 |   147 ||   302
       Kite shield       |       |       |       |       |   232 ||   232
